 Dungeon Crawl Stone Soup version 0.18.1-5-g4a78601 (webtiles) character file.

140 mopl the Sneak (level 5, -3/31 HPs)
             Began as a High Elf Enchanter on May 11, 2016.
             Slain by a black bear (10 damage)
             ... created by the rage of Trog
             ... on level 3 of the Dungeon.
             The game lasted 00:04:45 (2756 turns).

mopl the Sneak (High Elf Enchanter)                 Turns: 2756, Time: 00:04:46

Health: -3/31      AC:  6    Str:  7    XL:     5   Next: 2%
Magic:  4/10       EV: 13    Int: 18    God:
Gold:   70         SH:  0    Dex: 17    Spells: 3 memorised, 2 levels left

rFire  . . .     SeeInvis .     u - -1 dagger (curse)
rCold  . . .     Gourm    .     b - +1 robe
rNeg   + . .     Faith    .     (no shield)
rPois  .         Spirit   .     (no helmet)
rElec  .         Dismiss  .     f - +2 cloak
rCorr  .         Reflect  .     (no gloves)
SustAt .         Harm     .     (no boots)
MR     .....                    w - amulet of inaccuracy (curse)
Stlth  +++.......               (no ring)
                                t - ring of positive energy

@: exhausted, slowed, very slow, not resistant to hostile enchantments, fairly
stealthy
A: no striking features
a: no special abilities


You were on level 3 of the Dungeon.
You were not hungry.

You visited 1 branch of the dungeon, and saw 3 of its levels.

You collected 70 gold pieces.

Inventory:

Hand Weapons
 a - a +1 dagger
 r - a +0 falchion
 u - a cursed -1 dagger (weapon)
Armour
 b - a +1 robe (worn)
 f - a +2 cloak (worn)
Jewellery
 t - a ring of positive energy (left hand)
 w - a cursed amulet of inaccuracy (around neck)
Scrolls
 h - a scroll of teleportation {unknown}
 j - a scroll of amnesia
 n - a scroll of fog {unknown}
 v - 2 scrolls of remove curse {unknown}
 y - a scroll of identify {unknown}
Potions
 e - 4 potions of might {unknown}
 g - 3 potions of mutation {unknown}
 i - a potion of flight {unknown}
 l - 2 potions of degeneration {unknown}
 m - 2 potions of invisibility {unknown}
 o - a potion of resistance {unknown}
 p - a potion of curing {unknown}
 q - a potion of cure mutation {unknown}
Books
 c - a book of Maledictions

   Spells                             Type                      Level
   a - Corona                         Hexes                        1
   b - Ensorcelled Hibernation        Hexes/Ice                    2
   c - Confuse                        Hexes                        3
   d - Tukima's Dance                 Hexes                        3
   e - Dazzling Spray                 Conjuration/Hexes            3
Comestibles
 d - 2 bread rations
 k - a slice of pizza
 s - 3 meat rations
 x - a royal jelly
 z - 3 chunks of flesh


   Skills:
 + Level 2.3 Short Blades
 - Level 2.1 Dodging
 * Level 4.9 Stealth
 + Level 3.1 Spellcasting
 * Level 3.8 Hexes
 + Level 1.1 Ice Magic


You had 2 spell levels left.
You knew the following spells:

 Your Spells              Type           Power        Failure   Level  Hunger
b - Ensorcelled Hibernat  Hex/Ice        ##....       12%         2    ##.....
c - Confuse               Hex            ###.....     12%         3    ###....
d - Tukima's Dance        Hex            ###.....     12%         3    ###....


Dungeon Overview and Level Annotations

Branches:
Dungeon (3/15)

Altars:
Nemelex Xobeh
Trog


Message History

Aiming: Confuse
Press: ? - help, Shift-Dir - straight line, f/p - black bear
Aim: a black bear (berserk, fast, unusually strong, durably summoned, chance to defeat MR: 47%)
The black bear resists with some effort.
The black bear bites you. The black bear closely misses you.
The black bear claws you. The black bear misses you.
The black bear claws you. x2
The black bear bites you. The black bear claws you!
* * * LOW HITPOINT WARNING * * *
The black bear claws you but does no damage.
The black bear completely misses you. The black bear claws you.
* * * LOW HITPOINT WARNING * * *
The black bear claws you but does no damage.
Read which item? (? for menu, Esc to quit)
As you read the scroll labeled HAXUONG SASS, it crumbles to dust.
It is a scroll of amnesia.
Forget which spell ([?*] list [ESC] exit)?
Your memory of Corona unravels.
The black bear barely misses you.
The black bear claws you but does no damage.
The black bear closely misses you. The black bear bites you!
You die...

#..........#†#
##.....#.#.#.#
#######[#.#.#
###### #.#.#.#
#....# #.#.#.#
#....# #.#.#)#
#....# #...#h#
#....########..#h#
#....##..†.....#@#
#..............#h#
#....##.......>#h#
##.####......#>#%#
##.# #.....[#.#..
.#.# ########.###
.#.# .. .#.# .
.#.#


You could see 4 black bears.

Vanquished Creatures
  Ijyb (D:2)
  A worker ant (D:3)
  A gnoll (D:1)
  3 adders
  A worm (D:2)
  2 dart slugs
  2 giant geckos
  A giant cockroach (D:3)
  4 goblins
  8 hobgoblins
  3 jackals (D:3)
  10 bats
  2 giant newts
  4 kobolds
  7 rats
50 creatures vanquished.

Notes
Turn   | Place    | Note
--------------------------------------------------------------
     0 | D:1      | mopl the High Elf Enchanter began the quest for the Orb.
     0 | D:1      | Reached XP level 1. HP: 11/11 MP: 4/4
   704 | D:2      | Noticed Ijyb
   715 | D:3      | Reached XP level 2. HP: 14/17 MP: 4/6
   724 | D:3      | Learned a level 2 spell: Ensorcelled Hibernation
   761 | D:2      | Killed Ijyb
   761 | D:2      | Reached XP level 3. HP: 9/21 MP: 0/8
   931 | D:2      | Reached skill level 4 in Stealth
  1134 | D:2      | Reached skill level 3 in Spellcasting
  1238 | D:2      | Reached XP level 4. HP: 27/27 MP: 9/9
  1259 | D:2      | Learned a level 3 spell: Confuse
  1263 | D:2      | Learned a level 3 spell: Tukima's Dance
  1323 | D:2      | Found a faded altar to an unknown god.
  1341 | D:2      | Became a worshipper of Trog the Wrathful
  1341 | D:2      | Reached * piety under Trog
  1341 | D:2      | Fell from the grace of Trog
  1659 | D:1      | Reached skill level 2 in Short Blades
  1786 | D:3      | Reached skill level 1 in Ice Magic
  2268 | D:3      | Found a sparkling altar of Nemelex Xobeh.
  2593 | D:3      | Reached XP level 5. HP: 31/31 MP: 5/10
  2754 | D:3      | Noticed a black bear
  2754 | D:3      | Noticed a black bear
  2754 | D:3      | Noticed a black bear
  2754 | D:3      | Noticed a black bear
  2756 | D:3      | Slain by a black bear

Skill      XL: |  1  2  3  4 |
---------------+-------------+-----
Stealth        | 4 |  4.9
Spellcasting   | 3 |  3.1
Short Blades   | 2 |  2.3
Ice Magic      | 1 |  1.1
Dodging        | |  2.1
Hexes          | |  3.8

Action                   |  1- 3 |  4- 6 || total
-------------------------+-------+-------++-------
Melee: Dagger            |    56 |   147 ||   203
 Cast: Corona            |     3 |       ||     3
       Ensorcelled Hiber |     9 |     4 ||    13
       Confuse           |       |     2 ||     2
Invok: Renounce Religion |       |     1 ||     1
  Use: Scroll            |       |     1 ||     1
 Stab: Sleeping          |    12 |     6 ||    18
  Eat: Chunk             |     1 |     6 ||     7
Armor: Robe              |    25 |    60 ||    85
Dodge: Dodged            |    39 |   101 ||   140
